 Dungeon Crawl Stone Soup version 0.30-a0-1018-g25214051b3 (webtiles) character file.

Game seed: 18050135154741162693

219 ytrimaz the Insei (level 5, -5/61 HPs)
             Began as a Gnoll Transmuter on Apr 8, 2023.
             Slain by Menkaure (10 damage)
             ... on level 4 of the Dungeon.
             The game lasted 00:02:52 (2045 turns).

ytrimaz the Insei (Gnoll Transmuter)                Turns: 2045, Time: 00:02:53

Health: -5/61      AC: 22    Str: 11    XL:     5   Next: 96%
Magic:  12/12      EV:  2    Int: 13    God:
Gold:   88         SH:  0    Dex: 18    Spells: 11/14 levels left

rFire   . . .      SeeInvis +    c - +6 spear of Circularity {speed, rC+ SInv Stlth+}
rCold   + . .      Faith    .    (no shield)
rNeg    . . .      Spirit   .    a - melded +0 robe
rPois   +          Reflect  .    (helmet currently unavailable)
rElec   .          Rampage  .    l - melded +0 cloak
rCorr   .          NoTele   +    (gloves currently unavailable)
Will    .....                    (boots currently unavailable)
Stlth   +++                      (no amulet)
HPRegen 0.30/turn                f - +6 ring of dexterity
MPRegen 0.13/turn                (no ring)

@: tree-form
A: stationary, stasis, torment immunity, boosted hp, (fangs 1), strong nose,
distributed training
a: no special abilities


You were on level 4 of the Dungeon.
You were a tree.
You visited 1 branch of the dungeon, and saw 4 of its levels.

You collected 88 gold pieces.


Innate Abilities, Weirdness & Mutations

You are a tree.
Your roots penetrate the ground, keeping you stationary.
You cannot be teleported.
You are immune to unholy pain and torment.
Your maximum health is greatly increased.
Your equipment is partially melded.
((You have very sharp teeth.))
Your uncanny sense of smell can sniff out nearby items.
Your experience applies equally to all skills.


   Skills:
 + Level 3.1 Fighting
 + Level 1.8 Short Blades
 + Level 1.8 Long Blades
 + Level 1.8 Axes
 + Level 1.8 Maces & Flails
 + Level 1.8 Polearms
 + Level 1.8 Staves
 + Level 1.8 Ranged Weapons
 + Level 1.8 Throwing
 + Level 1.8 Armour
 + Level 4.9 Dodging
 + Level 1.8 Stealth
 + Level 1.8 Shields
 + Level 6.8 Unarmed Combat
 + Level 5.3 Spellcasting
 + Level 1.4 Conjurations
 + Level 1.4 Hexes
 + Level 1.4 Summonings
 + Level 1.4 Necromancy
 + Level 1.4 Translocations
 + Level 4.0 Transmutations
 + Level 1.4 Fire Magic
 + Level 1.4 Ice Magic
 + Level 1.4 Air Magic
 + Level 1.4 Earth Magic
 + Level 1.4 Poison Magic
 + Level 2.0 Invocations
 + Level 1.8 Evocations


You had 11 spell levels left.
You knew the following spells:

 Your Spells              Type           Power      Damage    Failure   Level
a - Beastly Appendage     Tmut           28%        N/A       3%          1
b - Wereblood             Tmut           14%        N/A       5%          2

Your spell library contained the following spells:

 Spells                   Type           Power      Damage    Failure   Level
 Poisonous Vapours        Pois/Air       14%        N/A       16%         2
 Spider Form              Tmut/Pois      10%        N/A       19%         3
 Mephitic Cloud           Conj/Pois/Air  7%         N/A       30%         3
 Ice Form                 Ice/Tmut       10%        N/A       52%         4
 Animate Dead             Necr           7%         N/A       71%         4
 Freezing Cloud           Conj/Ice/Air   3%         6-21      96%         5
 Haunt                    Necr/Summ      3%         N/A       100%        7
 Infestation              Necr           3%         N/A       100%        8

Inventory:

Hand Weapons
 c - the +6 spear of Circularity (weapon) {speed, rC+ SInv Stlth+}
   (You found it on level 2 of the Dungeon)

   rC:        It protects you from cold.
   SInv:      It lets you see invisible.
   Stlth:     It makes you more stealthy.
Armour
 a - a +0 robe (melded)
 l - a +0 cloak (melded)
   (You found it on level 4 of the Dungeon)
Jewellery
 f - a +6 ring of dexterity (left branch)
   (You found it on level 2 of the Dungeon)
Wands
 h - a wand of quicksilver (4)
   (You found it on level 2 of the Dungeon)
Scrolls
 k - a scroll of enchant armour {unknown}
Potions
 d - a potion of heal wounds
 e - a potion of invisibility {unknown}
 g - a potion of flight {unknown}
 i - a potion of attraction {unknown}
 j - 3 potions of curing {unknown}

Dungeon Overview and Level Annotations

Branches:
Dungeon (4/15) Zot: 21987
 Temple: D:4-7

Altars:
Xom

Shops:
D:1 (

Annotations:
D:4 Menkaure

##########
#........# #
#........# .
#........# o# #
#........# #.# #
#........# ...
#####.......)#
###.#
....+........#
#.M.#
..###........###♣#
.......###'#..†..#
##.##......#.#####
+..##..###...####
######..........#
#
##>#'######.#####
#
#........##.....#
#
#......#.######.#
# #......#.#


You could see Menkaure (fast) and an orc.


Message History

Your hp is fully restored (41).
Your horns disappear.
Your talons disappear.
You see here a ball python corpse.
You open the door.
There is an open door here.
You see here a +0 cloak.
A jelly comes into view.
A jelly is nearby!
A jelly is nearby!
A jelly is nearby!
You grow a pair of large bovine horns.
Your feet morph into talons. 😎 MP[-1]
You lost 1 mp, and now have 11/12 mp.
Found a stone staircase leading down.
Unknown command.
You reach to attack!
The helpless jelly fails to defend itself.
You puncture the jelly! You hit the jelly.
Your hands burn!
You claw the jelly. You headbutt the jelly.
You kill the jelly!
Your Invocations skill increases to level 2! 😕 HP[-4]
You take 4 damage, and now have 37/41 hp.
No target in view!
Unknown command. 😕 HP[+1]
You see here a +0 cloak. 😕 MP[+1]
Your mp is fully restored (12).
l - a +0 cloak 😕 HP[+1]
You start putting on your armour.
You continue putting on your +0 cloak. x3
Your transformation is almost over.
You continue putting on your +0 cloak.
You finish putting on your +0 cloak.
An orc comes into view. It is wielding a +0 club. 😎 HP[+2]
Your hp is fully restored (41).
An orc is nearby!
An orc is nearby!
Unknown command.
No target in view!
No target in view!
Your horns disappear.
Your talons disappear.
There is an open door here.
Unknown command.
No target in view!
No target in view!
No target in view!
A giant cockroach comes into view.
The giant cockroach bites you.
You see here 5 gold pieces. 😕 HP[-1]
You take 1 damage, and now have 40/41 hp.
The orc shouts!
You puncture the giant cockroach!
You kill the giant cockroach! 😎 HP[+1]
Your hp is fully restored (41).
You reach to attack!
You puncture the orc!
You kill the orc!
No target in view!
Okay, then.
Things that are here:
a +0 club; a boomerang You pick up a book of Death and begin reading...
You add the spells Animate Dead, Haunt and Infestation to your library.
You now have 88 gold pieces (gained 5).
There is an open door here.
Key pressed, stopping explore.
There is an open door here.
Menkaure, Prince of Dust comes into view.
Menkaure shouts!
Menkaure casts a spell.
Menkaure seems to speed up.
You see here a giant cockroach corpse.
Okay, then.
You hit Menkaure. Your bite misses Menkaure. You completely miss Menkaure.
You punch Menkaure.
Menkaure calls on the powers of darkness!
Your body is wracked with pain! 😮 HP[-19]
You take 19 damage, and now have 22/41 hp.
MASSIVE DAMAGE!! (PAUSE)
You hit Menkaure.
An orc comes into view. It is wielding a +0 dagger.
Menkaure closely misses you. 😮 HP[+1] Unknown command.
You hit Menkaure. You bite Menkaure, but do no damage. Menkaure hits you!!
* * * LOW HITPOINT WARNING * * *
😱 HP[-20]
You take 20 damage, and now have 3/41 hp.
MASSIVE DAMAGE!! (PAUSE) Unknown command.
Really quaff the potion of lignification?
You turn into a tree.
Your +0 cloak melds into your body.
Your +0 robe melds into your body.
Your roots penetrate the ground.
Menkaure hits you!
You die...

Skill      XL: |  1  2  3  4  5 |
---------------+----------------+-----
Spellcasting   | 5 |  5.3
Invocations    | 1 2 |  2.0
Short Blades   | 1 |  1.8
Long Blades    | 1 |  1.8
Axes           | 1 |  1.8
Maces & Flails | 1 |  1.8
Polearms       | 1 |  1.8
Staves         | 1 |  1.8
Ranged Weapons | 1 |  1.8
Throwing       | 1 |  1.8
Armour         | 1 |  1.8
Stealth        | 1 |  1.8
Shields        | 1 |  1.8
Evocations     | 1 |  1.8
Conjurations   | 1 |  1.4
Hexes          | 1 |  1.4
Summonings     | 1 |  1.4
Necromancy     | 1 |  1.4
Translocations | 1 |  1.4
Fire Magic     | 1 |  1.4
Ice Magic      | 1 |  1.4
Air Magic      | 1 |  1.4
Earth Magic    | 1 |  1.4
Poison Magic   | 1 |  1.4
Fighting       | 3 |  3.1
Transmutations | 4 |  4.0
Dodging        | |  4.9
Unarmed Combat | |  6.8

Action                     |  1- 3 |  4- 6 || total
---------------------------+-------+-------++-------
  Melee: Unarmed           |    34 |       ||    34
         Bite              |     5 |     6 ||    11
         Kick              |     4 |     3 ||     7
         Headbutt          |     4 |     2 ||     6
         Spear             |    47 |    46 ||    93
         Punch             |       |     2 ||     2
   Cast: Beastly Appendage |     8 |     5 ||    13
    Use: Scroll            |     1 |     2 ||     3
         Potion            |       |     1 ||     1
   Stab: Sleeping          |    11 |     2 ||    13
 Armour: Robe              |     5 |       ||     5
  Dodge: Dodged            |    40 |    15 ||    55

Levels and vault maps discovered:
D:1:      dpeg_arrival_snail, layout_basic, serial_shops, nicolae_shop_stone
D:2:      layout_loops_ring, ebering_ecumenical_altar_box, basic_altar
D:3:      layout_basic, minmay_pentomino_pile, uniq_terence
D:4:      layout_basic, uniq_menkaure

Notes
Turn   | Place    | Note
-------+----------+-------------------------------------------
     0 | D:1      | ytrimaz the Gnoll Transmuter began the quest for the Orb.
     0 | D:1      | Reached XP level 1. HP: 17/17 MP: 6/6
     0 | D:1      | magus.rc [v1.9.6]
    66 | D:1      | Found Eziemp's Weapon Emporium.
   141 | D:1      | You fall into a shaft and drop 1 floor!
   143 | D:2      | Found a shimmering altar of Xom.
   228 | D:2      | Reached XP level 2. HP: 21/23 MP: 5/7
   326 | D:2      | Learned a level 2 spell: Wereblood
   344 | D:2      | Found a faded altar of an unknown god.
   364 | D:2      | Identified the +6 spear of Circularity {speed, rC+ SInv
                  | Stlth+}
   456 | D:2      | You pick up a book of Vapours and begin reading...
   456 | D:2      | You add the spells Poisonous Vapours, Mephitic Cloud and
                  | Freezing Cloud to your library.
   486 | D:2      | Reached skill level 5 in Spellcasting
   486 | D:2      | Reached XP level 3. HP: 28/28 MP: 7/9
   988 | D:3      | Reached skill level 1 in Invocations
  1116 | D:3      | Reached skill level 1 in Short Blades
  1116 | D:3      | Reached skill level 1 in Long Blades
  1116 | D:3      | Reached skill level 1 in Axes
  1116 | D:3      | Reached skill level 1 in Maces & Flails
  1116 | D:3      | Reached skill level 1 in Polearms
  1116 | D:3      | Reached skill level 1 in Staves
  1116 | D:3      | Reached skill level 1 in Ranged Weapons
  1116 | D:3      | Reached skill level 1 in Throwing
  1116 | D:3      | Reached skill level 1 in Armour
  1116 | D:3      | Reached skill level 1 in Stealth
  1116 | D:3      | Reached skill level 1 in Shields
  1116 | D:3      | Reached skill level 1 in Evocations
  1147 | D:3      | Noticed Terence
  1163 | D:3      | Reached XP level 4. HP: 29/34 MP: 11/11
  1170 | D:3      | Killed Terence
  1171 | D:3      | Reached skill level 1 in Conjurations
  1171 | D:3      | Reached skill level 1 in Hexes
  1171 | D:3      | Reached skill level 1 in Summonings
  1171 | D:3      | Reached skill level 1 in Necromancy
  1171 | D:3      | Reached skill level 1 in Translocations
  1171 | D:3      | Reached skill level 1 in Fire Magic
  1171 | D:3      | Reached skill level 1 in Ice Magic
  1171 | D:3      | Reached skill level 1 in Air Magic
  1171 | D:3      | Reached skill level 1 in Earth Magic
  1171 | D:3      | Reached skill level 1 in Poison Magic
  1861 | D:4      | Noticed a black bear
  1872 | D:4      | Killed a black bear
  1873 | D:4      | Reached skill level 3 in Fighting
  1873 | D:4      | Reached skill level 4 in Transmutations
  1873 | D:4      | Reached XP level 5. HP: 31/41 MP: 12/12
  1965 | D:4      | Reached skill level 2 in Invocations
  2000 | D:4      | You pick up a book of Death and begin reading...
  2000 | D:4      | You add the spells Animate Dead, Haunt and Infestation to
                  | your library.
  2038 | D:4      | Noticed Menkaure
  2044 | D:4      | HP: 3/41 [Menkaure (20)]
  2045 | D:4      | Slain by Menkaure

Vanquished Creatures
  A black bear (D:4)
  A jelly (D:4)
  Terence (D:3)
  An adder (D:3)
  2 worms
  3 dart slugs
  5 orcs
  3 giant cockroaches
  5 hobgoblins
  2 jackals (D:2)
  7 ball pythons
  3 bats
  5 frilled lizards
  6 goblins
  2 kobolds
  6 rats
53 creatures vanquished.

Table legend:
 A = Non-vault XP
 B = Vault XP
 C = Vault XP percentage of total XP
 D = Non-vault monster count
 E = Vault monster count
 F = Vault count percentage of total count
                 A         B        C        D         E       F
            +---------+---------+-------+---------+---------+-------
      Total |     254 |      60 |  19.1 |      46 |       7 |  13.2
            +---------+---------+-------+---------+---------+-------
        D:1 |       3 |       0 |   0.0 |       3 |       0 |   0.0
        D:2 |      40 |       0 |   0.0 |      23 |       0 |   0.0
        D:3 |      33 |      60 |  64.5 |      14 |       7 |  33.3
        D:4 |     178 |       0 |   0.0 |       6 |       0 |   0.0
            +---------+---------+-------+---------+---------+-------

Illustrated notes

Table legend:
 A = Kills in this place as a percentage of kills in the entire game.
 B = Kills by you in this place as a percentage of kills by you in the entire game.
 C = Kills by friends in this place as a percentage of kills by friends in the entire game.
 D = Other kills in this place as a percentage of other kills in the entire game.
 E = Experience gained in this place as a percentage of experience gained in the entire game.
 F = Experience gained in this place divided by the number of levels of this place that you have seen.
                   A       B       C       D       E      F
               +-------+-------+-------+-------+-------+----------------------
         Total | 100.0 | 100.0 |   N/A |   N/A | 100.0 |  78.5
       Dungeon | 100.0 | 100.0 |   N/A |   N/A | 100.0 |  78.5
               +-------+-------+-------+-------+-------+----------------------

Table legend: (Time is in decaauts)
 A = Elapsed time spent in this place.
 B = Non-inter-level travel time spent in this place.
 C = Inter-level travel time spent in this place.
 D = Time resting spent in this place.
 E = Time spent auto-exploring this place.
 F = Levels seen in this place.
 G = Mean time per level.
                   A        B        C        D        E       F      G
               +--------+--------+--------+--------+--------+-----+--------+
         Total |   2011 |   1954 |     57 |      0 |   1584 |   4 |  502.8 |
       Dungeon |   2011 |   1954 |     57 |      0 |   1584 |   4 |  502.8 |
               +--------+--------+--------+--------+--------+-----+--------+

Top non-repeatable levels by time:
     D:3: 961 daAuts
     D:2: 729 daAuts
     D:4: 179 daAuts
     D:1: 140 daAuts
